 Dungeon Crawl Stone Soup version 0.16-b1 (webtiles) character file.

3579 damienvgn the Nimble (level 9, -2/78 HPs)
             Began as a Minotaur Gladiator on Mar 6, 2015.
             Was an Initiate of Fedhas.
             Slain by a trapdoor spider (16 damage)
             ... on level 9 of the Dungeon on Mar 13, 2015.
             The game lasted 00:57:58 (8429 turns).

damienvgn the Nimble (Minotaur Gladiator)           Turns: 8429, Time: 00:57:58

Health: -2/78      AC: 12    Str: 22    XL:     9   Next: 84%
Magic:  4/4        EV: 13    Int:  5    God:    Fedhas [......]
Gold:   345        SH: 10    Dex: 12    Spells: 1 memorised, 3 levels left

rFire  x x .     SeeInvis .     G - +10 spear of Duty {pierce, rF- rC- rN+ MR+ Stlth+}
rCold  . . .     Clarity  .     P - +4 ring mail {rPois}
rNeg   + + .     SustAb   .     C - +0 shield
rPois  +         Gourm    .     c - +0 hat
rElec  .         Spirit   .     (no cloak)
rCorr  .         Warding  +     A - +0 pair of gloves
rMut   .         Stasis   .     (no boots)
MR     +....                    y - amulet of warding
Stlth  ++........               (no ring)
                                K - ring of ice

@: somewhat resistant to hostile enchantments, unstealthy
A: retaliatory headbutt, horns 2
a: Renounce Religion


You were on level 9 of the Dungeon.
You worshipped Fedhas.
Fedhas was noncommittal.
You were not hungry.

You visited 2 branches of the dungeon, and saw 10 of its levels.

You collected 345 gold pieces.

Inventory:

Hand weapons
 a - a +0 trident
 t - a +1 hand axe of venom
 E - a +0 spear
 G - the +10 spear of Duty (weapon) {pierce, rF- rC- rN+ MR+ Stlth+}
   (You found it on level 6 of the Dungeon)

   It inflicts extra damage upon your enemies.
   It makes you vulnerable to fire.
   It makes you vulnerable to cold.
   It protects you from negative energy.
   It affects your resistance to hostile enchantments.
   It makes you more stealthy.
 I - a +0 long sword
 O - a +0 flail of holy wrath
Missiles
 d - 3 throwing nets (quivered)
Armour
 b - a +1 leather armour
 c - a +0 hat (worn)
 e - a +0 ring mail
 h - the +5 chain mail of Sloth {rN++ Str+5 Int-5, unknown}
   (You found it on level 8 of the Dungeon)

   It affects your strength (+5).
   It affects your intelligence (-5).
   It greatly protects you from negative energy.
 r - a +0 leather armour
 u - a +0 chain mail
 x - a +0 ice dragon armour
 A - a +0 pair of gloves (worn)
 C - a +0 shield (worn)
 L - a +0 helmet
 P - a +4 ring mail of poison resistance (worn)
Jewellery
 y - an amulet of warding (around neck)
 K - a ring of ice (left hand)
Magical devices
 l - a wand of enslavement (13)
 w - a wand of polymorph (18)
 M - a wand of slowing (12)
Scrolls
 g - 4 scrolls of recharging
 k - 3 scrolls of fog
 q - a scroll of teleportation
 s - 3 scrolls of remove curse
 v - 2 scrolls of amnesia
 B - 3 scrolls of magic mapping
 F - a scroll of enchant weapon
Potions
 f - a potion of haste
 j - 2 potions of flight
 n - a potion of agility
 o - a potion of curing
 p - 3 potions of heal wounds
 z - a potion of lignification
 H - 2 potions of might
 J - a potion of degeneration
 N - 2 potions of restore abilities
 Q - 2 potions of invisibility
Books
 R - a book of Hinderance

   Spells                             Type                      Level
   a - Confusing Touch                Hexes                        2
   b - Confuse                        Hexes                        3
   c - Petrify                        Transmutation/Earth          4
   d - Metabolic Englaciation         Hexes/Ice                    5
   e - Gell's Gravitas                Hexes/Translocation          5
   f - Summon Mana Viper              Hexes/Summoning              5
Comestibles
 i - 2 fruits
 m - a slice of pizza
 D - 2 beef jerkies
 S - a bread ration
 T - a meat ration
 U - a chunk of flesh


   Skills:
 + Level 6.8 Fighting
 + Level 8.2 Polearms
 + Level 2.2 Throwing
 + Level 8.4 Armour
 + Level 8.7 Dodging
 + Level 2.0 Stealth
 + Level 5.5 Shields


You had 3 spell levels left.
You knew the following spells:

 Your Spells              Type           Power        Failure   Level  Hunger
a - Summon Mana Viper     Hex/Summ       #.......     100%        5    ######.


Dungeon Overview and Level Annotations

Branches:
Dungeon (9/15)             Temple (1/1) D:7
   Lair: D:8-11         Orc: D:9-12

Altars:
Ashenzari
Dithmenos
Elyvilon
Fedhas
Gozag
Kikubaaqudgha
Makhleb
Nemelex Xobeh
Okawaru
Qazlal
Ru
Sif Muna
Trog
Vehumet
Xom
Yredelemnul
Zin
The Shining One

Annotations:
D:7 4 runed doors
D:9 herpmino's ghost, experienced OgHu


Innate Abilities, Weirdness & Mutations

You reflexively headbutt those who attack you in melee.
You have a pair of horns on your head.


Message History

You hit the troll.
The troll is almost dead.
You block the trapdoor spider's attack.
You puncture the troll!
You kill the troll!
Your Stealth skill increases to level 2!
You block the trapdoor spider's attack. The trapdoor spider bites you.
* * * LOW HITPOINT WARNING * * *
You block the trapdoor spider's attack. The trapdoor spider closely misses you.
You block the river rat's attack.
The deep elf mage mumbles some strange words.
The deep elf mage conjures a globe of magical energy!
The trapdoor spider closely misses you.
The electric eel shoots out a bolt of lightning at you!
The bolt of electricity hits you!
* * * LOW HITPOINT WARNING * * *
The trapdoor spider misses you. The trapdoor spider bites you!
You die...
Fedhas appreciates your contribution to the ecosystem.

#...))...........
#..)....[.........
#..<...............
#..................
#..................
#..................#
#...........†......#
#.........÷........#
#.......@..........
#.......s..........
#.......e*.........
#.....or..........
#######.......W......##
.....................#
.######..............#
#.....)........+
####''####.....#


You could see a trapdoor spider, a deep elf mage, an orc wizard, herpmino's
ghost and a river rat.

Vanquished Creatures
  Joseph (D:7)
  A troll (D:9)
  2 wyverns (D:8)
  3 hippogriffs
  Edmund (D:7)
  2 sky beasts
  2 orc warriors
  A necrophage (D:9)
  2 ice beasts
  A phantom (D:8)
  An ogre (D:5)
  A centaur (D:8)
  3 giant frogs
  The ghost of kae the Firebug, an average TeFE (D:3)
  A scorpion (D:4)
  A wyvern skeleton (D:7)
  An electric eel (D:7)
  A crimson imp (D:8)
  A goliath beetle (D:6)
  6 orc priests
  A hound (D:7)
  A jelly (D:8)
  2 giant frog skeletons
  A centaur skeleton (D:7)
  5 orc wizards
  2 iguanas
  3 worker ants
  A mummy (D:7)
  A worker ant zombie (D:5)
  3 gnolls (D:9)
  5 adders
  2 giant mites
  A shadow imp (D:5)
  2 worms
  An adder zombie (D:7)
  3 giant geckos
  An ooze (D:4)
  25 orcs
  3 bat zombies
  2 giant cockroaches
  11 goblins
  15 hobgoblins
  5 jackals
  2 quokkas
  16 bats
  4 giant newts
  A jackal zombie (D:5)
  13 kobolds
  A quokka zombie (D:5)
  12 rats
178 creatures vanquished.

Vanquished Creatures (others)
  A fungus (D:9)
  4 plants (D:9)
5 creatures vanquished.

Grand Total: 183 creatures vanquished

Notes
Turn   | Place    | Note
--------------------------------------------------------------
     0 | D:1      | damienvgn, the Minotaur Gladiator, began the quest for the Orb.
     0 | D:1      | Reached XP level 1. HP: 18/18 MP: 1/1
   284 | D:1      | Reached XP level 2. HP: 23/25 MP: 1/1
   441 | D:1      | Reached skill level 4 in Polearms
   832 | D:2      | Found a blossoming altar of Fedhas.
   844 | D:2      | Became a worshipper of Fedhas Madash
  1046 | D:2      | Reached XP level 3. HP: 16/30 MP: 2/2
  1644 | D:3      | Reached skill level 1 in Armour
  1982 | D:3      | Noticed kae's ghost (average TeFE)
  1989 | D:3      | Killed kae's ghost
  1989 | D:3      | Reached XP level 4. HP: 36/38 MP: 2/2
  2333 | D:3      | Reached XP level 5. HP: 45/45 MP: 2/2
  2383 | D:3      | Found a stormy altar of Qazlal.
  2793 | D:4      | Reached skill level 5 in Dodging
  3287 | D:4      | Reached skill level 5 in Polearms
  3287 | D:4      | Reached XP level 6. HP: 40/51 MP: 3/3
  4077 | D:4      | Noticed a hippogriff
  4098 | D:4      | Killed a hippogriff
  4098 | D:4      | Reached XP level 7. HP: 55/59 MP: 3/3
  4341 | D:4      | Found an ancient bone altar of Kikubaaqudgha.
  4388 | D:5      | Entered Level 5 of the Dungeon
  4414 | D:5      | Reached skill level 5 in Armour
  4414 | D:5      | Reached skill level 6 in Dodging
  4414 | D:5      | Reached skill level 1 in Stealth
  5005 | D:5      | HP: 3/60 [poisoned by an orc wizard]
  5591 | D:6      | Reached skill level 1 in Shields
  5591 | D:6      | Reached XP level 8. HP: 53/67 MP: 3/3
  5895 | D:6      | Got a shimmering spear
  5896 | D:6      | Identified the +10 spear of Duty {pierce, rF- rC- rN+ MR+ Stlth+} (You found it on level 6 of the Dungeon)
  5936 | D:6      | Reached skill level 5 in Fighting
  6617 | D:7      | Found a glowing silver altar of Zin.
  6621 | D:7      | Noticed an oklob plant
  6643 | D:7      | Reached skill level 7 in Dodging
  6866 | D:7      | Found a deep blue altar of Sif Muna.
  6869 | D:7      | Found an iron altar of Okawaru.
  6938 | D:7      | Noticed Joseph
  6957 | D:7      | Killed Joseph
  7079 | D:7      | Reached XP level 9. HP: 57/75 MP: 4/4
  7185 | D:7      | Noticed Edmund
  7197 | D:7      | Killed Edmund
  7243 | D:7      | Found a huge runed gate.
  7243 | D:7      | Found a huge runed gate.
  7243 | D:7      | Found a huge runed gate.
  7243 | D:7      | Found a huge runed gate.
  7243 | D:7      | Noticed a polar bear
  7244 | D:7      | Noticed a polar bear
  7244 | D:7      | Noticed a polar bear
  7251 | D:7      | Noticed a griffon
  7252 | D:7      | Noticed a polar bear
  7278 | D:7      | Found a staircase to the Ecumenical Temple.
  7366 | Temple   | Entered the Ecumenical Temple
  7593 | D:8      | Reached skill level 8 in Armour
  7741 | D:8      | Found a white marble altar of Elyvilon.
  7971 | D:8      | Got a smoking chain mail
  7978 | D:8      | Learned a level 5 spell: Summon Mana Viper
  8357 | D:9      | Reached skill level 5 in Shields
  8416 | D:9      | Noticed herpmino's ghost (experienced OgHu)
  8429 | D:9      | Slain by a trapdoor spider

Action                   |  1- 3 |  4- 6 |  7- 9 || total
-------------------------+-------+-------+-------++-------
Melee: Trident           |    81 |   111 |   112 ||   304
       Spear             |       |       |   200 ||   200
  Use: Scroll            |     6 |     3 |     7 ||    16
       Potion            |     6 |     1 |     4 ||    11
 Stab: Invisible         |     1 |       |       ||     1
       Sleeping          |       |       |     1 ||     1
  Eat: Bread ration      |     1 |     1 |       ||     2
       Beef jerky        |       |     2 |     1 ||     3
       Chunk             |       |     1 |       ||     1
       Fruit             |       |       |     3 ||     3
       Meat ration       |       |       |     2 ||     2
